 Dungeon Sprint DCSS version 0.29.1-4-g47bece8355 (webtiles) character file.

Game seed: 14753434396637889570

8334 boopmooplesden the Phalangite (level 11, -1/117 HPs)
             Began as a Minotaur Berserker on Dec 7, 2022.
             Was the Champion of Trog.
             Succumbed to a nagaraja's poison arrow
             ... in the Dungeon (Sprint VII: "The Pits").
             The game lasted 00:03:52 (2824 turns).

boopmooplesden the Phalangite (Minotaur Berserker)  Turns: 2824, Time: 00:03:53

Health: -1/117     AC: 20    Str: 26    XL:     11   Next: 8%
Magic:  10/10      EV: 10    Int:  4    God:    Trog [******]
Gold:   0          SH:  0    Dex: 10    Spells: 10/10 levels left

rFire   . . .      SeeInvis .   z - +3 bardiche
rCold   . . .      Faith    .   (shield currently unavailable)
rNeg    . . .      Spirit   .   s - +3 plate armour
rPois   .          Reflect  .   (helmet restricted)
rElec   .          Harm     .   (no cloak)
rCorr   .          Rampage  .   (no gloves)
Will    .....      NoTele   +   (no boots)
Stlth   ..........              (no amulet)
HPRegen 0.29/turn               (no ring)
MPRegen 0.12/turn               (no ring)

@: lethally poisoned (-1 -> -42), on berserk cooldown, slowed, very slow
A: horns 2, retaliatory headbutt
a: Renounce Religion, Berserk, Trog's Hand, Brothers in Arms


You were in the Dungeon.
You worshipped Trog.
Trog was exalted by your worship.
You visited 1 branch

Inventory:

Hand Weapons
 a - a +0 spear
 i - a +2 trident
 m - a +1 vorpal trident
 n - a +6 vorpal glaive
 t - a +2 halberd of protection
 w - a +4 halberd
 x - the +5 spear of Trog's Grace {vorpal, Dex+4}
   (Trog gifted it to you in the Dungeon)

   It inflicts extra damage upon your enemies.
   Dex:       It affects your dexterity (+4).
 y - a +4 antimagic glaive
 z - a +3 bardiche (weapon)
Missiles
 u - 5 throwing nets (quivered)
Armour
 b - a +0 animal skin
 l - a +2 plate armour
 s - a +3 plate armour (worn)
Jewellery
 o - a +3 ring of intelligence
 p - a +3 ring of intelligence
Wands
 v - a wand of quicksilver (5)
Scrolls
 h - a scroll of blinking
 k - a scroll of summoning
Potions
 c - 6 potions of curing
 d - 12 potions of heal wounds
 e - 2 potions of haste
 f - 4 potions of magic
 g - 4 potions of berserk rage
 j - 2 potions of invisibility
 q - a potion of resistance
 r - a potion of mutation
Miscellaneous
 A - a lightning rod (4/4)


   Skills:
 + Level 17.3 Fighting
 + Level 21.1 Polearms
 + Level 15.7 Armour
 + Level 6.6 Dodging
 + Level 1.5 Stealth


You had 10 spell levels left.
You didn't know any spells.
Your spell library was empty.

Dungeon Overview and Level Annotations

Branches:
Dungeon (1/1)

Altars:


Innate Abilities, Weirdness & Mutations

You have a pair of horns on your head.
You reflexively headbutt those who attack you in melee.


Message History

The orange demon hits you but does no damage.
The merfolk barely misses you. The wolf barely misses you.
The orc warrior hits you but does no damage.
The orange demon stings you but does no damage.
There is an open door, spattered with blood here.
Things that are here:
a +3 antimagic halberd; an iguana corpse You hit the wolf.
You headbutt the wolf!
The wolf is almost dead.
You are no longer berserk.
You are exhausted.
You feel yourself slow down. The wolf bites you but does no damage.
The wolf bites you.
The merfolk hits you from afar with a +0 trident!
You closely miss the orc warrior. You headbutt the orc warrior!
The orc warrior is severely wounded.
The wolf barely misses you. The wolf bites you.
The orange demon stings you but does no damage.
The orc warrior hits you but does no damage.
The merfolk hits you from afar with a +0 trident.
The wolf bites you!
You completely miss the nagaraja. The wolf misses you.
The smoke demon gestures at you. Something smites you!
* * * LOW HITPOINT WARNING * * *
The orange demon stings you from afar.
* * * LOW HITPOINT WARNING * * *
You are poisoned.
The orange demon poisons you!
The orc warrior hits you with a +0 glaive.
* * * LOW HITPOINT WARNING * * *
The merfolk closely misses you. The wolf bites you but does no damage.
The orange demon misses you. The orc warrior closely misses you.
The nagaraja casts a spell at you. The poison arrow hits you!
You are lethally poisoned!
* * * LOW HITPOINT WARNING * * *
You barely miss the nagaraja.
You die...

#### ############## ###
##
.............###..##....#
.....)[(......#..##.#.#.#
##...#'######...##......#
.#####.##...##'##.#.#.#.#
...##...#...#...#h3h....#
....#...#...#...#ohx....#
....'...'...'...@Nmhh...+
....#...#...#...#hhh....#
...##...#...#...#r4J....#
.#####.##...##'##h#y#.#.#
##...#'######...##3.....
......).......#).## #.#.#
.............###..# ...
############## ### ###


You could see a nagaraja (fast), a merfolk, an orange demon, a smoke demon, a
hornet, a neqoxec, an orc warrior, a small abomination, 6 wolves, an endoplasm,
3 jackals and a rat.

Vanquished Creatures
  An emperor scorpion (D)
  Harold (D)
  A two-headed ogre (D)
  A death yak (D)
  A deep troll (D)
  A large abomination (D)
  A manticore (D)
  A merfolk siren (D)
  A black mamba (D)
  An eye of devastation (D)
  A smoke demon (D)
  A kobold demonologist (D)
  A rime drake (D)
  A komodo dragon (D)
  An ice devil (D)
  A hornet (D)
  A wraith (D)
  A wyvern (D)
  2 ynoxinuls (D)
  A floating eye (D)
  A black bear (D)
  A sky beast (D)
  6 wolves (D)
  A kobold brigand (D)
  2 necrophages (D)
  2 scorpions (D)
  6 killer bees (D)
  An orc priest (D)
  2 orc wizards (D)
  An iguana (D)
  An ufetubus (D)
  A worm (D)
  3 orcs (D)
  2 ball pythons (D)
  A bat (D)
  3 endoplasms (D)
  2 goblins (D)
  4 jackals (D)
  5 kobolds (D)
  A rat (D)
67 creatures vanquished.

Notes
Turn   | Place    | Note
-------+----------+-------------------------------------------
     0 | D        | boopmooplesden the Minotaur Berserker began the quest for
                  | the Orb.
     0 | D        | Reached XP level 1. HP: 19/19 MP: 0/0
    13 | D        | Reached skill level 4 in Polearms
    42 | D        | Noticed a scorpion
    46 | D        | Killed a scorpion
    47 | D        | Reached skill level 6 in Polearms
    47 | D        | Reached XP level 2. HP: 21/31 MP: 1/1
    47 | D        | Reached XP level 3. HP: 25/38 MP: 2/2
    47 | D        | Reached ** piety under Trog
   310 | D        | Reached *** piety under Trog
   311 | D        | Reached XP level 4. HP: 45/45 MP: 3/3
   377 | D        | Noticed a necrophage
   386 | D        | Reached skill level 7 in Polearms
   388 | D        | Killed a necrophage
   388 | D        | Reached **** piety under Trog
   389 | D        | Reached skill level 8 in Polearms
   392 | D        | Noticed a sky beast
   393 | D        | Noticed a scorpion
   399 | D        | Killed a scorpion
   400 | D        | Reached skill level 9 in Polearms
   400 | D        | Reached skill level 5 in Armour
   400 | D        | Reached XP level 5. HP: 43/57 MP: 4/4
   414 | D        | Killed a sky beast
   415 | D        | Reached skill level 10 in Fighting
   415 | D        | Reached skill level 10 in Polearms
   415 | D        | Reached XP level 6. HP: 27/66 MP: 5/5
   427 | D        | Reached ***** piety under Trog
   703 | D        | Reached skill level 11 in Polearms
   705 | D        | Noticed a ynoxinul
   709 | D        | Killed a ynoxinul
   710 | D        | Reached skill level 5 in Dodging
   710 | D        | Reached XP level 7. HP: 61/74 MP: 6/6
   715 | D        | Received a gift from Trog
   871 | D        | Noticed an ice devil
   871 | D        | Noticed a smoke demon
   878 | D        | Reached skill level 12 in Polearms
   879 | D        | Killed an ice devil
   880 | D        | Reached skill level 13 in Polearms
   880 | D        | Killed a smoke demon
   881 | D        | Reached XP level 8. HP: 86/86 MP: 7/7
   997 | D        | Noticed a black mamba
   997 | D        | Noticed a deep troll
  1003 | D        | Killed a black mamba
  1004 | D        | Reached skill level 14 in Polearms
  1004 | D        | Reached skill level 10 in Armour
  1007 | D        | Killed a deep troll
  1008 | D        | Reached skill level 15 in Polearms
  1254 | D        | Noticed a hornet
  1254 | D        | Noticed an emperor scorpion
  1260 | D        | Noticed a two-headed ogre
  1269 | D        | Killed an emperor scorpion
  1269 | D        | Received a gift from Trog
  1270 | D        | Reached skill level 15 in Fighting
  1270 | D        | Reached skill level 17 in Polearms
  1270 | D        | Reached XP level 9. HP: 90/97 MP: 8/8
  1270 | D        | Paralysed by a floating eye for 4 turns
  1277 | D        | Killed a two-headed ogre
  1281 | D        | Reached skill level 18 in Polearms
  1286 | D        | Noticed a kobold demonologist
  1290 | D        | Noticed a komodo dragon
  1291 | D        | Noticed Harold
  1292 | D        | Noticed an ice devil
  1292 | D        | Killed a kobold demonologist
  1292 | D        | Reached ****** piety under Trog
  1292 | D        | Received a gift from Trog
  1293 | D        | Reached XP level 10. HP: 55/107 MP: 9/9
  1304 | D        | Killed Harold
  1305 | D        | Reached skill level 19 in Polearms
  1308 | D        | Noticed a death yak
  1718 | D        | Killed a death yak
  1718 | D        | Identified the +5 spear of Trog's Grace {vorpal, Dex+4}
                  | (Trog gifted it to you in the Dungeon)
  1718 | D        | Received a gift from Trog
  1883 | D        | Noticed a manticore
  1894 | D        | Received a gift from Trog
  1895 | D        | Reached skill level 20 in Polearms
  1899 | D        | Killed a manticore
  2305 | D        | Reached skill level 1 in Stealth
  2307 | D        | Noticed a merfolk siren
  2312 | D        | Reached skill level 15 in Armour
  2316 | D        | Killed a merfolk siren
  2318 | D        | Received a gift from Trog
  2356 | D        | Noticed a large abomination
  2357 | D        | Noticed an eye of devastation
  2364 | D        | Killed a large abomination
  2365 | D        | Reached XP level 11. HP: 68/117 MP: 10/10
  2368 | D        | Reached skill level 21 in Polearms
  2803 | D        | Noticed a nagaraja
  2815 | D        | Received a gift from Trog
  2824 | D        | Succumbed to a nagaraja's poison arrow

Illustrated notes

Levels and vault maps discovered:
D:        pitsprint [storerooms_1, entrance_room_1, metal_vault_1, armoury_2,
          mini_pit_1, grid_room_1, main_hall_1, silver_pit, the_coven_2,
          the_vestibule_1, steel_vault_5, golden_pit, hallway_of_sentries,
          crystal_vault_4, iron_vault_2, final_vault]

Skill      XL: |  1  2  3  4  5  6  7  8  9 10 11 |
---------------+----------------------------------+-----
Fighting       | 6 9 10 11 13 15 17 | 17.3
Polearms       | 6 9 10 11 13 17 18 20 21 | 21.1
Armour         | 3 5 7 9 12 13 15 | 15.7
Dodging        | 3 4 5 6 |  6.6
Stealth        | 1 |  1.5

Action                   |  1- 3 |  4- 6 |  7- 9 | 10-12 || total
-------------------------+-------+-------+-------+-------++-------
Melee: Trident           |    11 |    45 |     8 |       ||    64
       Spear             |     3 |       |       |       ||     3
       Headbutt          |     1 |     4 |     8 |    12 ||    25
       Glaive            |       |       |    34 |    51 ||    85
       Bardiche          |       |       |       |    25 ||    25
Invok: Berserk           |     1 |     1 |     3 |     4 ||     9
Armor: Animal skin       |     3 |       |       |       ||     3
       Plate armour      |       |    24 |    33 |    70 ||   127
Dodge: Dodged            |     6 |    21 |    15 |    66 ||   108
